SAAA
PENNSAUKEN FLYERS @ CALGARY LYNX
09/12/2027
 
TOP OF THE 1ST
Pennsauken Flyers batting - Pitching for Calgary Lynx : LHP Morlack Spurgeon
Pitching: LHP Morlack Spurgeon
Batting: LHB Vinski Prifti 0-0: Called Strike
0-1: SINGLE (Flyball, 7S)
Batting: RHB Dave Stockman 0-0: Foul Ball, location: 2F
0-1: Ball
1-1: Ball
2-1: Foul Ball, location: 2F
2-2: Strikes out swinging
Batting: RHB José Rodríguez 0-0: Ball
1-0: Called Strike
1-1: Ball
2-1: Foul Ball, location: 2F
2-2: Fielders Choice at 2nd, 1-4 (Groundball, 15S)
Batting: RHB Byron Isaacson 0-0: Ball
1-0: Ball
2-0: Called Strike
2-1: Foul Ball, location: 2F
2-2: Strikes out swinging
Top of the 1st over - 0 run(s), 1 hit(s), 0 error(s), 1 left on base; Pennsauken 0 - Calgary 0
BOTTOM OF THE 1ST
Calgary Lynx batting - Pitching for Pennsauken Flyers : RHP Zach Rediker
Pitching: RHP Zach Rediker
Batting: RHB Lytle Creek 0-0: Called Strike
0-1: Ground out 4-3 (Groundball, 34)
Batting: RHB Ieyoshi Yamamoto 0-0: Called Strike
0-1: Ball
1-1: Foul Ball, location: 2F
1-2: SINGLE (Groundball, 56D)
Batting: LHB Michael Malloy 0-0: Ball
1-0: Foul Ball, location: 2F
1-1: Foul Ball, location: 2F
1-2: Ball
2-2: Ball
3-2: Fly out, F4 (Popup, 34D)
Batting: RHB Wilson Vega 0-0: Ball
1-0: Fielders Choice at 2nd, 5-4 (Groundball, 56)
Bottom of the 1st over - 0 run(s), 1 hit(s), 0 error(s), 0 left on base; Pennsauken 0 - Calgary 0
TOP OF THE 2ND
Pennsauken Flyers batting - Pitching for Calgary Lynx : LHP Morlack Spurgeon
Batting: LHB Ignacio Martínez 0-0: Ball
1-0: Ground out 3-1 (Groundball, 34)
Batting: SHB Nuygen Vuong 0-0: Fly out, F8 (Flyball, 8LM)
Batting: LHB Brad Lawrence 0-0: Ball
1-0: Ball
2-0: Foul Ball, location: 2F
2-1: Called Strike
2-2: Foul Ball, location: 2F
2-2: Ball
3-2: Fly out, F7 (Flyball, 7LS)
Top of the 2nd over - 0 run(s), 0 hit(s), 0 error(s), 0 left on base; Pennsauken 0 - Calgary 0
BOTTOM OF THE 2ND
Calgary Lynx batting - Pitching for Pennsauken Flyers : RHP Zach Rediker
Batting: LHB José León 0-0: Fly out, F9 (Flyball, 89S)
Batting: RHB Miguel Rosales 0-0: Ground out 1-3 (Groundball, 15)
Batting: LHB Thomas Campbell 0-0: Swinging Strike
0-1: Swinging Strike
0-2: Ball
1-2: Ground out 4-3 (Groundball, 4)
Bottom of the 2nd over - 0 run(s), 0 hit(s), 0 error(s), 0 left on base; Pennsauken 0 - Calgary 0
TOP OF THE 3RD
Pennsauken Flyers batting - Pitching for Calgary Lynx : LHP Morlack Spurgeon
Batting: RHB Abdul-Fattah bin Najjar 0-0: Ball
1-0: Called Strike
1-1: Swinging Strike
1-2: Strikes out swinging
Batting: RHB Clarence Therrien 0-0: Ball
1-0: Ball
2-0: SINGLE (Flyball, 8RS)
Batting: LHB Vinski Prifti 0-0: Called Strike
0-1: Ball
1-1: Ball
2-1: Fielders Choice at 2nd, 4-6 (Groundball, 34)
Batting: RHB Dave Stockman 0-0: Called Strike
0-1: Ball
1-1: Swinging Strike
1-2: Ball
2-2: Ball
3-2: Base on Balls
Vinski Prifti to second
Batting: RHB José Rodríguez 0-0: Fly out, F8 (Flyball, 8LS)
Top of the 3rd over - 0 run(s), 1 hit(s), 0 error(s), 2 left on base; Pennsauken 0 - Calgary 0
BOTTOM OF THE 3RD
Calgary Lynx batting - Pitching for Pennsauken Flyers : RHP Zach Rediker
Batting: RHB Alan Bryan 0-0: Ground out 6-3 (Groundball, 6)
Batting: RHB Juan Martínez 0-0: Ball
1-0: Foul Ball, location: 2F
1-1: Ground out 4-3 (Groundball, 4)
Batting: RHB Lytle Creek 0-0: Called Strike
0-1: Ball
1-1: Foul Ball, location: 2F
1-2: Foul Ball, location: 2F
1-2: Strikes out swinging
Bottom of the 3rd over - 0 run(s), 0 hit(s), 0 error(s), 0 left on base; Pennsauken 0 - Calgary 0
TOP OF THE 4TH
Pennsauken Flyers batting - Pitching for Calgary Lynx : LHP Morlack Spurgeon
Batting: RHB Byron Isaacson 0-0: Ball
1-0: Foul Ball, location: 2F
1-1: Foul Ball, location: 2F
1-2: Ball
2-2: Fly out, F8 (Flyball, 8RXD)
Batting: LHB Ignacio Martínez 0-0: Ball
1-0: SINGLE (Groundball, 4MD)
Batting: SHB Nuygen Vuong 0-0: DOUBLE (Line Drive, 5D)
Ignacio Martínez to third
Batting: LHB Brad Lawrence 0-0: Called Strike
0-1: Ball
1-1: Foul Ball, location: 2F
1-2: Ball
2-2: Fly out, F6 (Line Drive, 6D)
Batting: RHB Abdul-Fattah bin Najjar 0-0: Foul Ball, location: 2F
0-1: Called Strike
0-2: Foul Ball, location: 2F
0-2: SINGLE (Groundball, 6MD)
Ignacio Martínez scores
Nuygen Vuong to third
Runner from 3rd tries for Home, SAFE, no throw
Batting: RHB Clarence Therrien 0-0: Called Strike
0-1: Swinging Strike
0-2: Foul Ball, location: 2F
0-2: Ball
1-2: Foul Ball, location: 2F
1-2: Ball
2-2: Ball
3-2: Ground out 6-3 (Groundball, 6)
Top of the 4th over - 2 run(s), 3 hit(s), 0 error(s), 1 left on base; Pennsauken 2 - Calgary 0
BOTTOM OF THE 4TH
Calgary Lynx batting - Pitching for Pennsauken Flyers : RHP Zach Rediker
Batting: RHB Ieyoshi Yamamoto 0-0: Ball
1-0: SINGLE (Groundball, 3D)
Batting: LHB Michael Malloy 0-0: Called Strike
0-1: Foul Ball, location: 2F
0-2: SINGLE (Flyball, 8LS)
Ieyoshi Yamamoto to second
Batting: RHB Wilson Vega 0-0: Ball
1-0: Foul Ball, location: 2F
1-1: Fly out, F7 (Flyball, 7D)
Runner from 2nd tags up, SAFE at 3rd, no throw
Batting: LHB José León 0-0: Ball
1-0: Ball
2-0: Foul Ball, location: 2F
2-1: Ball
3-1: Foul Ball, location: 2F
3-2: Foul Ball, location: 2F
3-2: Fly out, F8 (Flyball, 8LM)
Runner from 3rd tags up, SCORES, throw made
Batting: RHB Miguel Rosales 0-0: Called Strike
0-1: Ball
1-1: Foul Ball, location: 2F
1-2: Fly out, F4 (Line Drive, 4)
Bottom of the 4th over - 1 run(s), 2 hit(s), 0 error(s), 1 left on base; Pennsauken 2 - Calgary 1
TOP OF THE 5TH
Pennsauken Flyers batting - Pitching for Calgary Lynx : LHP Morlack Spurgeon
Batting: LHB Vinski Prifti 0-0: Foul Ball, location: 2F
0-1: Ball
1-1: SINGLE (Groundball, 56S) (infield hit)
Batting: RHB Dave Stockman 0-0: Bunted foul
0-1: Bunted foul
0-2: Ball
1-2: Ball
2-2: Fly out, F4 (Flyball, 34D)
Batting: RHB José Rodríguez 0-0: Fielders Choice at 2nd, 5-4 (Groundball, 56)
Batting: RHB Byron Isaacson 0-0: Called Strike
0-1: Called Strike
0-2: Foul Ball, location: 2F
0-2: Ball
1-2: Foul Ball, location: 2F
1-2: Foul Ball, location: 2F
1-2: Ball
2-2: Ball
3-2: DOUBLE (Line Drive, 8RD)
José Rodríguez to third
José Rodríguez scores
Batting: LHB Ignacio Martínez 0-0: Ball
1-0: Ground out U3 (Groundball, 3)
Top of the 5th over - 1 run(s), 2 hit(s), 0 error(s), 1 left on base; Pennsauken 3 - Calgary 1
BOTTOM OF THE 5TH
Calgary Lynx batting - Pitching for Pennsauken Flyers : RHP Zach Rediker
Batting: LHB Thomas Campbell 0-0: Ball
1-0: Called Strike
1-1: Foul Ball, location: 2F
1-2: SINGLE (Line Drive, 4M)
Batting: RHB Alan Bryan 0-0: Ball
1-0: SINGLE (Groundball, 34S) (infield hit)
Thomas Campbell to second
Batting: RHB Juan Martínez 0-0: Ball
1-0: Sac Bunt - play at first, batter OUT! 2-4
Thomas Campbell to third
Alan Bryan to second
Batting: RHB Lytle Creek 0-0: Ball
1-0: Fly out, F5 (Popup, 5S)
Batting: RHB Ieyoshi Yamamoto 0-0: Swinging Strike
0-1: Ball
1-1: Ball
2-1: Ball
3-1: Fly out, F7 (Flyball, 78D)
Bottom of the 5th over - 0 run(s), 2 hit(s), 0 error(s), 2 left on base; Pennsauken 3 - Calgary 1
TOP OF THE 6TH
Pennsauken Flyers batting - Pitching for Calgary Lynx : LHP Morlack Spurgeon
Batting: SHB Nuygen Vuong 0-0: Called Strike
0-1: Called Strike
0-2: Ground out 5-3 (Groundball, 56)
Batting: LHB Brad Lawrence 0-0: Foul Ball, location: 2F
0-1: Ball
1-1: Ground out 4-3 (Groundball, 4)
Batting: RHB Abdul-Fattah bin Najjar 0-0: Ball
1-0: Foul Ball, location: 2F
1-1: Swinging Strike
1-2: Ball
2-2: Ball
3-2: Base on Balls
Pitching: RHP Juan López
Batting: RHB Clarence Therrien 0-0: Called Strike
0-1: Ball
1-1: Ground out 5-3 (Groundball, 56)
Top of the 6th over - 0 run(s), 0 hit(s), 0 error(s), 1 left on base; Pennsauken 3 - Calgary 1
BOTTOM OF THE 6TH
Calgary Lynx batting - Pitching for Pennsauken Flyers : RHP Zach Rediker
Batting: LHB Michael Malloy 0-0: Ball
1-0: SINGLE (Groundball, 34) (infield hit)
Batting: RHB Wilson Vega 0-0: Ball
1-0: Called Strike
Michael Malloy steals 2nd base
1-1: Foul Ball, location: 2F
1-2: Ball
2-2: Fly out, F6 (Popup, 6MD)
Batting: LHB José León 0-0: Ball
1-0: Ball
2-0: Called Strike
2-1: Swinging Strike
2-2: Ground out 3-1 (Groundball, 34S)
Michael Malloy to third
Batting: RHB Miguel Rosales 0-0: Ball
1-0: Called Strike
1-1: Ball
2-1: Ball
3-1: Fly out, F8 (Line Drive, 8LM)
Bottom of the 6th over - 0 run(s), 1 hit(s), 0 error(s), 1 left on base; Pennsauken 3 - Calgary 1
TOP OF THE 7TH
Pennsauken Flyers batting - Pitching for Calgary Lynx : RHP Juan López
Batting: LHB Vinski Prifti 0-0: Called Strike
0-1: Ground out 3-1 (Groundball, 34)
Batting: RHB Dave Stockman 0-0: SINGLE (Line Drive, 78S)
Batting: RHB José Rodríguez 0-0: Called Strike
Dave Stockman steals 2nd base
0-1: Ball
1-1: Called Strike
1-2: Strikes out swinging
Batting: RHB Byron Isaacson 0-0: Called Strike
0-1: Called Strike
0-2: Ball
1-2: Strikes out swinging
Top of the 7th over - 0 run(s), 1 hit(s), 0 error(s), 1 left on base; Pennsauken 3 - Calgary 1
BOTTOM OF THE 7TH
Calgary Lynx batting - Pitching for Pennsauken Flyers : RHP Zach Rediker
Batting: LHB Thomas Campbell 0-0: Fly out, F8 (Flyball, 89D)
Batting: RHB Alan Bryan 0-0: Ball
1-0: Ball
2-0: Ball
3-0: Called Strike
3-1: Ground out 6-3 (Groundball, 6)
Batting: RHB Juan Martínez 0-0: Ball
1-0: Called Strike
1-1: Foul Ball, location: 2F
1-2: Ball
2-2: Ground out 6-3 (Groundball, 6M)
Bottom of the 7th over - 0 run(s), 0 hit(s), 0 error(s), 0 left on base; Pennsauken 3 - Calgary 1
TOP OF THE 8TH
Pennsauken Flyers batting - Pitching for Calgary Lynx : RHP Juan López
Batting: LHB Ignacio Martínez 0-0: Called Strike
0-1: Foul Ball, location: 2F
0-2: SINGLE (Groundball, 34D)
Batting: SHB Nuygen Vuong 0-0: Bunted foul
0-1: Ball
1-1: Sac Bunt - play at first, batter safe!
Ignacio Martínez to second
Batting: LHB Brad Lawrence 0-0: Ball
1-0: Sac Bunt - play at first, batter OUT! 1-4
Ignacio Martínez to third
Nuygen Vuong to second
Batting: RHB Abdul-Fattah bin Najjar 0-0: Fly out, F8 (Flyball, 8RD)
Runner from 3rd tags up, SCORES, no throw
Batting: RHB Clarence Therrien 0-0: Called Strike
0-1: Foul Ball, location: 2F
0-2: Ground out 3-1 (Groundball, 34S)
Top of the 8th over - 1 run(s), 2 hit(s), 0 error(s), 1 left on base; Pennsauken 4 - Calgary 1
BOTTOM OF THE 8TH
Calgary Lynx batting - Pitching for Pennsauken Flyers : RHP Zach Rediker
Batting: RHB Lytle Creek 0-0: Called Strike
0-1: Fly out, F6 (Popup, 56)
Batting: RHB Ieyoshi Yamamoto 0-0: Called Strike
0-1: Foul Ball, location: 2F
0-2: Ball
1-2: Strikes out swinging
Batting: LHB Michael Malloy 0-0: Fly out, F8 (Flyball, 89S)
Bottom of the 8th over - 0 run(s), 0 hit(s), 0 error(s), 0 left on base; Pennsauken 4 - Calgary 1
TOP OF THE 9TH
Pennsauken Flyers batting - Pitching for Calgary Lynx : RHP Juan López
Pitching: RHP Tate Beason
Batting: LHB Vinski Prifti 0-0: Called Strike
0-1: Swinging Strike
0-2: Strikes out looking
Batting: RHB Dave Stockman 0-0: Ball
1-0: Foul Ball, location: 2F
1-1: Ball
2-1: Called Strike
2-2: Strikes out looking
Batting: RHB José Rodríguez 0-0: Called Strike
0-1: Fly out, F7 (Flyball, 78M)
Top of the 9th over - 0 run(s), 0 hit(s), 0 error(s), 0 left on base; Pennsauken 4 - Calgary 1
BOTTOM OF THE 9TH
Calgary Lynx batting - Pitching for Pennsauken Flyers : RHP Zach Rediker
Pitching: LHP Yajirobei Otomo
Batting: RHB Wilson Vega 0-0: Ground out 5-3 (Groundball, 56)
Batting: LHB José León 0-0: Ball
1-0: Foul Ball, location: 2F
1-1: Swinging Strike
1-2: Strikes out swinging
Batting: RHB Miguel Rosales 0-0: Ball
1-0: Ground out 1-3 (Groundball, P)
Bottom of the 9th over - 0 run(s), 0 hit(s), 0 error(s), 0 left on base; Pennsauken 4 - Calgary 1
Saturday, May 26th, 2018 - OOTP Baseball 17.12 Build 75